 Dungeon Crawl Stone Soup version 5.6-49-g8abd877 (webtiles) character file.

320 Moonstruck the Cleaver (level 7, -2/62 HPs)
             Began as a Minotaur Monk on Oct 18, 2018.
             Was a Priest of Jiyva.
             Slain by a killer bee (3 damage)
             ... on level 5 of the Dungeon.
             The game lasted 00:03:15 (2865 turns).

Moonstruck the Cleaver (Minotaur Monk)              Turns: 2865, Time: 00:03:16

Health: -2/62      AC:  8 (24%)Str: 21  XL:     7   Next: 71%
Magic:  10/10      EV: 13    Int:  9    God:    Jiyva [3*[93]]
Gold:   230        SH:  3    Dex: 12    Spells: 11/11 levels left

rFire    . . .     SeeInvis .   n - +0 war axe
rCold    + . .     Faith    .   (no shield)
rNeg     + . .     Spirit   .   i - +3 ring mail
rPois    +         Reflect  +   (helmet restricted)
rElec    .                      (no cloak)
rCorr    +                      (no gloves)
MR       .....                  (no boots)
Stlth    +.........             c - +3 amulet of reflection
Regen    0.2/turn               d - ring of ice
MPRegen  0.2/turn               l - ring of poison resistance

@: no status effects
A: retaliatory headbutt, horns 2, blurry vision 1, high mp 1, negative energy
resistance 1, strong, repel shadows
a: Slimify, Renounce Religion


You were on level 5 of the Dungeon.
You worshipped Jiyva.
Jiyva was most pleased with you.
You were not hungry.

You visited 1 branch of the dungeon, and saw 5 of its levels.

You collected 230 gold pieces.

Inventory:

Hand Weapons
 a - a +0 hand axe
 n - a +0 war axe (weapon)
Missiles
 o - 117 javelins (quivered)
 p - 16 frenzy darts
Armour
 b - a +0 robe
 i - a +3 ring mail (worn)
Jewellery
 c - a +3 amulet of reflection (around neck)
 d - a ring of ice (left hand)
 l - a ring of poison resistance (right hand)
Wands
 m - a wand of digging (7)
Scrolls
 e - 2 scrolls of enchant armour
 h - a scroll of magic mapping
 k - 2 scrolls of teleportation
 q - a scroll of amnesia
 r - 2 scrolls of blinking
 s - a scroll of fog
Potions
 g - a potion of cancellation
 j - a potion of augmentation
 t - a potion of mutation
 u - a potion of flight


   Skills:
 * Level 5.7 Fighting
 * Level 8.5 Axes
 + Level 3.1 Armour
 + Level 4.6 Dodging
 + Level 2.0 Stealth
 + Level 0.8 Shields
 + Level 3.0 Invocations


You had 11 spell levels left.
You didn't know any spells.
Your spell library contained the following spells:

 Spells                   Type           Power        Failure   Level  Hunger
 Cause Fear               Hex            0 (200)      100%        4    N/A
 Magic Dart               Air            0 (25)       54%         1    N/A
 Bolt of Fire             Fire           0 (200)      100%        6    N/A
 Dragon Form              Tmut           0 (200)      100%        7    N/A
 Searing Ray              Fire           0 (50)       69%         2    N/A
 Dragon's Call            Summ           0 (200)      100%        9    N/A

Dungeon Overview and Level Annotations

Branches:
Dungeon (5/15)

Altars:
Dithmenos
Elyvilon
Gozag
Jiyva
Kikubaaqudgha
Makhleb
Okawaru
Ru
Sif Muna
Trog
Uskayaw
Wu Jian
Xom
Zin
The Shining One


Innate Abilities, Weirdness & Mutations

You reflexively headbutt those who attack you in melee.
You have a pair of horns on your head.
Scrolls take you a little longer to read.
You have an increased reservoir of magic. (+10% MP)
You resist negative energy. (rN+)
Your muscles are strong. (Str +5)
Shadows flee at your approach. (+LOS)


Message History

You block the killer bee's attack.
Okay, then.
Okay, then.
You completely miss the killer bee.
You are no longer poisoned.
The killer bee stings you but does no damage.
The killer bee barely misses you. You furiously retaliate!
You headbutt the killer bee (2). You closely miss the killer bee.
The killer bee is lightly wounded.
The killer bee closely misses you. You furiously retaliate!
You headbutt the killer bee (2). The killer bee barely misses you.
You miss the killer bee. Your headbutt misses the killer bee.
The killer bee is moderately wounded.
The killer bee barely misses you.
The killer bee stings you but does no damage.
You closely miss the killer bee.
The killer bee is moderately wounded.
The killer bee stings you (3).
You die...

#...........#.#
...........#.#
#........#.#
#......#.#.#
#....#.#.#.#
#......#.#
##.##.##.#.#
#..........#
#####@##.#.#
#y##.# #Z. .#
##.# .. ... ...
##.# ..
###########


You could see a killer bee and a hound zombie.

Vanquished Creatures
  An ogre (D:4)
  A scorpion (D:5)
  4 killer bees (D:5)
  A quasit (D:4)
  An orc priest (D:3)
  A gnoll shaman (D:5)
  A hound (D:4)
  3 orc wizards
  4 worker ants
  An iguana (D:4)
  4 gnolls (D:5)
  8 adders
  An ooze (D:4)
  6 dart slugs
  15 orcs
  7 quokkas
  2 ball pythons (D:2)
  4 bats
  4 giant cockroaches
  12 goblins
  7 hobgoblins
  11 jackals
  7 frilled lizards
  7 kobolds
  5 rats
  A butterfly (D:2)
119 creatures vanquished.

Notes
Turn   | Place    | Note
-------+----------+-------------------------------------------
     0 | D:1      | Moonstruck the Minotaur Monk began the quest for the Orb.
     0 | D:1      | Reached XP level 1. HP: 19/19 MP: 1/1
    76 | D:1      | Reached XP level 2. HP: 26/27 MP: 2/2
   108 | D:1      | Reached skill level 4 in Axes
   367 | D:1      | Reached XP level 3. HP: 33/33 MP: 3/3
   834 | D:1      | Gained mutation: Scrolls take you a little longer to read. [mutagenic hatch]
   834 | D:2      | Found a viscous altar of Jiyva.
   841 | D:2      | Became a worshipper of Jiyva Jefealuo the Shapeless
   841 | D:2      | Reached * piety under Jiyva
   841 | D:2      | Gained mutation: You have an increased reservoir of magic. (+10% MP) [Jiyva's grace]
   841 | D:2      | Reached ** piety under Jiyva
   911 | D:2      | Reached XP level 4. HP: 31/40 MP: 5/5
  1012 | D:2      | Gained mutation: Shadows flee at your approach. (+LOS) [Jiyva's grace]
  1316 | D:2      | Reached skill level 5 in Axes
  1322 | D:2      | Found a shimmering altar of Xom.
  1330 | D:2      | Found an iron altar of Okawaru.
  1487 | D:3      | Found a sacrificial altar of Ru.
  1537 | D:3      | Found an ancient bone altar of Kikubaaqudgha.
  1562 | D:3      | Reached XP level 5. HP: 33/46 MP: 7/7
  1649 | D:3      | Found a faded altar of an unknown god.
  1673 | D:3      | Found a glowing silver altar of Zin.
  1765 | D:3      | Reached skill level 1 in Armour
  1801 | D:3      | Reached *** piety under Jiyva
  1825 | D:3      | Found a burning altar of Makhleb.
  1825 | D:3      | Found a white marble altar of Elyvilon.
  1826 | D:3      | Found a bloodstained altar of Trog.
  1826 | D:3      | Found an opulent altar of Gozag.
  1837 | D:3      | Reached skill level 6 in Axes
  1846 | D:3      | Found a glowing golden altar of the Shining One.
  1850 | D:3      | Found a hide-covered altar of Uskayaw.
  1930 | D:4      | Reached XP level 6. HP: 14/53 MP: 8/8
  1977 | D:4      | HP: 1/53 [ogre/+0 giant club (3)]
  2349 | D:4      | Found a deep blue altar of Sif Muna.
  2353 | D:4      | Reached skill level 7 in Axes
  2451 | D:4      | Found a shadowy altar of Dithmenos.
  2455 | D:4      | Reached skill level 5 in Fighting
  2476 | D:4      | Found an ornate altar of the Wu Jian Council.
  2548 | D:4      | Reached XP level 7. HP: 55/61 MP: 10/10
  2552 | D:4      | Got Sif Muna's Almanac of Lightness
  2554 | D:4      | Gained mutation: You resist negative energy. (rN+) [mutagenic hatch]
  2554 | D:5      | Entered Level 5 of the Dungeon
  2569 | D:5      | Gained mutation: Your muscles are strong. (Str +5) [Jiyva's grace]
  2752 | D:5      | Reached skill level 8 in Axes
  2857 | D:5      | HP: 1/61 [poisoned by a killer bee]
  2865 | D:5      | Slain by a killer bee

Skill      XL: |  1  2  3  4  5  6  7 |
---------------+----------------------+-----
Axes           | 4 5 6 7 8 |  8.5
Fighting       | 4 5 |  5.7
Dodging        | 4 |  4.6
Invocations    | 3 |  3.0
Armour         | 1 2 3 |  3.1
Stealth        | 2 |  2.0
Shields        | |  0.8

Action                   |  1- 3 |  4- 6 |  7- 9 || total
-------------------------+-------+-------+-------++-------
Melee: Hand axe          |    74 |    41 |       ||   115
       Headbutt          |    10 |    26 |     6 ||    42
       War axe           |       |   141 |    53 ||   194
  Use: Potion            |       |       |     1 ||     1
 Stab: Sleeping          |     3 |     1 |       ||     4
Armor: Robe              |     5 |       |       ||     5
       Ring mail         |     7 |    95 |     6 ||   108
       Skin              |       |       |    16 ||    16
Dodge: Dodged            |    55 |   136 |    40 ||   231
Block: Other             |     2 |    18 |     4 ||    24
